 Dungeon Crawl Stone Soup version 0.29.1 (webtiles) character file.

Game seed: 13450545106526515687

14569 LabCoat the Cleaver (level 12, 0/106 HPs)
             Began as a Hill Orc Fighter on Sept 13, 2022.
             Was a Believer of Trog.
             Slain by a cane toad (16 damage)
             ... on level 1 of the Lair of Beasts.
             The game lasted 00:31:59 (10426 turns).

LabCoat the Cleaver (Hill Orc Fighter)             Turns: 10426, Time: 00:32:00

Health: 0/106      AC: 19    Str: 24    XL:     12   Next: 17%
Magic:  12/12      EV:  7    Int:  8    God:    Trog [**....]
Gold:   1750       SH:  6    Dex: 10    Spells: 11/11 levels left

rFire   . . .      SeeInvis .   e - +3 war axe
rCold   . . .      Faith    .   c - +0 buckler
rNeg    + . .      Spirit   .   n - +0 plate armour
rPois   +          Reflect  .   i - +0 helmet
rElec   .          Harm     .   r - +0 cloak
rCorr   .          Rampage  .   z - +0 pair of gloves
Will    .....                   J - +0 pair of boots
Stlth   ..........              q - amulet of regeneration
HPRegen 1.07/turn               o - ring of poison resistance
MPRegen 0.13/turn               l - ring of positive energy

@: on berserk cooldown, hasted and slowed
A: no striking features
a: Renounce Religion, Berserk, Trog's Hand


You were on level 1 of the Lair of Beasts.
You worshipped Trog.
Trog was pleased with you.
You visited 3 branches of the dungeon, and saw 13 of its levels.

You collected 1750 gold pieces.

Inventory:

Hand Weapons
 e - a +3 war axe (weapon)
 k - a +4 morningstar
 y - a +2 battleaxe of electrocution
Missiles
 f - 5 boomerangs (quivered)
 j - 34 poisoned darts
Armour
 c - a +0 buckler (worn)
 i - a +0 helmet (worn)
 n - a +0 plate armour (worn)
 r - a +0 cloak (worn)
 z - a +0 pair of gloves (worn)
 J - a +0 pair of boots (worn)
Jewellery
 l - a ring of positive energy (right hand)
 o - a ring of poison resistance (left hand)
 q - an amulet of regeneration (around neck)
 w - an amulet of faith
 G - a ring of positive energy
Wands
 x - a wand of charming (5)
 C - a wand of polymorph (3)
 F - a wand of light (4)
 H - a wand of roots (4)
 L - a wand of flame (8)
Scrolls
 a - a scroll of silence {unknown}
 b - 4 scrolls of butterflies
 d - a scroll of poison {unknown}
 g - 8 scrolls of teleportation
 m - 2 scrolls of fear
 s - 2 scrolls of noise {unknown}
 u - 3 scrolls of enchant weapon
 D - 2 scrolls of brand weapon
Potions
 h - 3 potions of cancellation
 p - a potion of haste
 t - 2 potions of lignification
 v - 5 potions of curing
 A - a potion of might
 B - a potion of invisibility
 I - a potion of flight {unknown}
 K - a potion of ambrosia {unknown}


   Skills:
 + Level 9.9 Fighting
 * Level 14.3 Axes
 - Level 6.0 Throwing
 + Level 9.0 Armour
 + Level 9.1 Shields
 * Level 6.1 Evocations


You had 11 spell levels left.
You didn't know any spells.
Your spell library contained the following spells:

 Spells                   Type           Power      Damage    Failure   Level
 Slow                     Hex            0%         N/A       100%        1
 Blink                    Tloc           0%         N/A       100%        2
 Ensorcelled Hibernation  Hex/Ice        0%         N/A       100%        2
 Passwall                 Tmut/Erth      0%         N/A       100%        2
 Static Discharge         Conj/Air       0%         3-3/arc   100%        2
 Confusing Touch          Hex            0%         N/A       100%        3
 Lesser Beckoning         Tloc           0%         N/A       100%        3
 Summon Guardian Golem    Hex/Summ       0%         N/A       100%        3
 Swiftness                Air            0%         N/A       100%        3
 Tukima's Dance           Hex            0%         N/A       100%        3
 Vampiric Draining        Necr           0%         2d6       100%        3
 Dispel Undead            Necr           0%         3d6       100%        4
 Passage of Golubria      Tloc           0%         N/A       100%        4
 Petrify                  Tmut/Erth      0%         N/A       100%        4
 Sticky Flame             Conj/Fire      0%         2d3       100%        4
 Manifold Assault         Tloc           0%         N/A       100%        5
 Metabolic Englaciation   Hex/Ice        0%         N/A       100%        5
 Yara's Violent Unravell  Hex/Tmut       0%         3d3       100%        5
 Statue Form              Tmut/Erth      0%         N/A       100%        6
 Orb of Destruction       Conj           0%         9d5       100%        7
 Spellforged Servitor     Conj/Summ      0%         N/A       100%        7


Dungeon Overview and Level Annotations

Branches:
Dungeon (11/15)            Temple (1/1) D:6            Lair (1/5) D:10
    Orc (0/2) D:9

Altars:
Ashenzari
Cheibriados
Dithmenos
Elyvilon
Fedhas
Gozag
Hepliaklqana
Kikubaaqudgha
Makhleb
Nemelex Xobeh
Okawaru
Qazlal
Ru
Sif Muna
Trog
Uskayaw
Vehumet
Wu Jian
Xom
Yredelemnul
Zin
The Shining One

Shops:
D:9 (

Annotations:
D:7 3 runed translucent doors, MirrMurr's ghost, novice DsBe
D:8 1 runed translucent door, Serus's ghost, novice DsGl
D:11 3 runed translucent doors, Flesh177's ghost, journeyman MeTm
Lair:1 2 runed translucent doors, mif's ghost, novice MiBe


Message History

You slash the yak! x2
You feel the effects of Trog's Hand fading.
The death yak gores you but does no damage.
You slice the death yak!!
The death yak is severely wounded.
You hit the yak. You slash the yak!
You kill the yak!
Trog accepts your kill.
You slash the yak!
Your Armour skill increases to level 9!
Your Evocations skill increases to level 6!
You hit the death yak.
The death yak is almost dead.
You slash the yak! You barely miss the yak. You block the yak's attack.
The death yak gores you but does no damage.
The yak gores you but does no damage.
You slash the death yak!
You kill the death yak!
Trog accepts your kill.
You slash the yak! You slice the cane toad!! You slash the yak!
You are no longer berserk.
You are exhausted.
You feel yourself slow down. The cane toad stings you!
* * * LOW HITPOINT WARNING * * *
You are poisoned.
The cane toad poisons you!
You feel better. You block the yak's attack. The yak gores you!
* * * LOW HITPOINT WARNING * * *
The cane toad stings you!
* * * LOW HITPOINT WARNING * * *
The yak gores you!
* * * LOW HITPOINT WARNING * * *
The yak gores you but does no damage. The yak barely misses you.
Blink to where?
Press: ? - help, Dir - move target
As you read the scroll of blinking, it crumbles to dust.
You feel yourself speed up.
Your skin stops crawling.
You feel less strong-willed. The cane toad stings you!
You die...

....(...# ....##..
~~≈~....## #######.
≈≈≈≈~..††# #.. #P..#
≈≈≈≈≈..†§# #.# ##..#
≈≈≈≈~~YY## #.# ##..#
≈~≈≈~~.Y# #.# #...#
.~~≈≈~..#####.# #####..#
>.≈~.~.F#.##..###.#P...#
.......@...........P....
........................
###.................####
##...#####....######W.
#...P ##...# #$.8 ##..#
#...# #.#~ #.. #...#
##.. #.. #..... ###
#####. #


You could see 3 yaks and a cane toad.

Vanquished Creatures
  A hydra (D:10)
  5 death yaks (Lair:1)
  A swamp dragon (D:10)
  Pikel (D:9)
  A cyclops (D:10)
  A black mamba (Lair:1)
  A komodo dragon (D:11)
  2 burning bushes (Lair:1)
  A troll (D:10)
  Grinder (D:6)
  Prince Ribbit (D:8)
  A shadow (D:11)
  A vampire (D:10)
  2 wyverns
  Eustachio (D:3)
  Grum (D:9)
  20 yaks
  A steam dragon (D:8)
  Menkaure (D:6)
  2 acid dragons
  3 water moccasins
  2 orc warriors
  2 ice beasts
  A sky beast (D:6)
  2 ogres
  2 wolves (D:9)
  A centaur (D:8)
  3 kobold brigands
  A gnoll sergeant (D:9)
  A necrophage (D:6)
  4 scorpions
  16 wights
  3 killer bees
  2 jellies
  An electric eel (Lair:1)
  2 howler monkeys (D:7)
  2 hounds (D:5)
  8 orc priests
  5 iguanas
  Natasha (thrice) (D:3)
  8 orc wizards
  4 adders
  16 gnolls
  3 river rats (D:5)
  A shadow imp (D:7)
  A white imp (D:6)
  A worm (D:5)
  2 dart slugs
  18 orcs
  13 ball pythons
  5 endoplasms
  4 giant cockroaches
  9 goblins
  6 hobgoblins
  4 jackals (D:3)
  2 quokkas (D:2)
  3 bats
  2 frilled lizards
  14 kobolds
  7 rats
  A spectral orc (D:10)
234 creatures vanquished.

Vanquished Creatures (others)
  An orc (D:7)
  2 fungi (Lair:1)
  4 plants
  5 toadstools (D:10)
  2 withered plants (D:8)
14 creatures vanquished.

Grand Total: 248 creatures vanquished

Notes
Turn   | Place    | Note
-------+----------+-------------------------------------------
     0 | D:1      | LabCoat the Hill Orc Fighter began the quest for the Orb.
     0 | D:1      | Reached XP level 1. HP: 19/19 MP: 1/1
    64 | D:1      | You fall into a shaft and drop 1 floor!
   103 | D:2      | Reached skill level 3 in Axes
   186 | D:2      | Reached XP level 2. HP: 27/27 MP: 2/2
   628 | D:1      | Reached XP level 3. HP: 33/33 MP: 3/3
  1667 | D:3      | Reached skill level 4 in Axes
  1667 | D:3      | Reached XP level 4. HP: 40/40 MP: 4/4
  1757 | D:3      | Reached XP level 5. HP: 18/47 MP: 5/5
  2211 | D:3      | Found a faded altar of an unknown god.
  2260 | D:3      | Noticed Natasha
  2263 | D:3      | Killed Natasha
  2268 | D:3      | Noticed Natasha
  2280 | D:3      | Killed Natasha
  2281 | D:3      | Reached skill level 5 in Axes
  2485 | D:3      | Noticed Natasha
  2706 | D:3      | Killed Natasha
  2742 | D:4      | Noticed Eustachio
  2749 | D:3      | Reached XP level 6. HP: 38/53 MP: 6/6
  2795 | D:3      | Killed Eustachio
  2796 | D:3      | Reached skill level 5 in Fighting
  2796 | D:3      | Reached skill level 6 in Axes
  2796 | D:3      | Reached skill level 1 in Throwing
  3017 | D:4      | Identified a scroll of acquirement
  3017 | D:4      | Acquired 906 gold pieces
  3398 | D:5      | Entered Level 5 of the Dungeon
  3408 | D:5      | Reached XP level 7. HP: 61/61 MP: 7/7
  3497 | D:5      | Found a burning altar of Makhleb.
  3500 | D:5      | Found a shimmering blue altar of Sif Muna.
  3522 | D:5      | Found a bloodstained altar of Trog.
  3523 | D:5      | Found a radiant altar of Vehumet.
  3524 | D:5      | Found a glowing golden altar of the Shining One.
  3526 | D:5      | Found a hide-covered altar of Uskayaw.
  3527 | D:5      | Found a blossoming altar of Fedhas.
  3530 | D:5      | Became a worshipper of Trog the Wrathful
  3713 | D:5      | Reached skill level 5 in Shields
  3714 | D:5      | Reached skill level 7 in Axes
  3843 | D:5      | Reached skill level 5 in Armour
  4057 | D:5      | Reached XP level 8. HP: 70/70 MP: 8/8
  4426 | D:6      | Noticed Grinder
  4438 | D:6      | Paralysed by Grinder for 2 turns
  4442 | D:6      | Killed Grinder
  4443 | D:6      | Reached skill level 8 in Axes
  4774 | D:6      | Reached skill level 9 in Axes
  4835 | D:6      | Reached XP level 9. HP: 75/78 MP: 9/9
  4867 | D:6      | Found a staircase to the Ecumenical Temple.
  4884 | Temple   | Entered the Ecumenical Temple
  5162 | D:6      | Noticed Menkaure
  5245 | D:6      | Found a white marble altar of Elyvilon.
  5265 | D:6      | HP: 1/78 [Menkaure (5)]
  5266 | D:6      | Killed Menkaure
  5831 | D:7      | Found a runed translucent gate.
  6024 | D:7      | Reached skill level 10 in Axes
  6027 | D:7      | Reached * piety under Trog
  6077 | D:7      | Found a runed translucent gate.
  6078 | D:7      | Found a runed translucent gate.
  6081 | D:7      | Noticed MirrMurr's ghost (novice DsBe)
  6141 | D:7      | Identified the +0 buckler of Misanthropy {Contam Harm rPois
                  | Str+7}
  6468 | D:7      | Found a glowing silver altar of Zin.
  6468 | D:7      | Found an opulent altar of Gozag.
  6644 | D:8      | Found a runed translucent door.
  6645 | D:8      | Noticed Serus's ghost (novice DsGl)
  6660 | D:8      | Noticed Prince Ribbit
  6686 | D:8      | Killed Prince Ribbit
  6735 | D:8      | Reached skill level 1 in Evocations
  6775 | D:8      | Found a stormy altar of Qazlal.
  6998 | D:8      | Found an ornate altar of the Wu Jian Council.
  7094 | D:8      | Reached XP level 10. HP: 86/86 MP: 10/10
  7119 | D:8      | Reached skill level 11 in Axes
  7555 | D:9      | Noticed Grum
  7566 | D:9      | Killed Grum
  7722 | D:9      | Found a staircase to the Orcish Mines.
  7895 | D:9      | Noticed Pikel
  7903 | D:9      | Killed Pikel
  7992 | D:9      | Reached skill level 5 in Throwing
  8213 | D:9      | Reached skill level 12 in Axes
  8289 | D:9      | Found Guuhedgh's Antique Weapon Shoppe.
  8408 | D:10     | Entered Level 10 of the Dungeon
  8408 | D:10     | Noticed a cyclops
  8428 | D:9      | Reached ** piety under Trog
  8467 | D:10     | Killed a cyclops
  8468 | D:10     | Reached XP level 11. HP: 80/95 MP: 11/11
  8554 | D:10     | Noticed a manticore
  8556 | D:10     | Noticed a swamp dragon
  8556 | D:10     | a manticore changed into a swamp dragon
  8567 | D:10     | Killed a swamp dragon
  8796 | D:10     | Found a staircase to the Lair.
  8827 | D:10     | Found a basalt altar of Yredelemnul.
  9348 | D:11     | Noticed a two-headed ogre
  9350 | D:11     | Found a runed translucent gate.
  9350 | D:11     | Found a runed translucent gate.
  9350 | D:11     | Noticed an ettin
  9350 | D:11     | Noticed Flesh177's ghost (journeyman MeTm)
  9351 | D:11     | Found a runed translucent gate.
  9351 | D:11     | Noticed a brown ugly thing
  9353 | D:11     | Noticed a two-headed ogre
  9455 | D:11     | Reached skill level 13 in Axes
 10067 | Lair:1   | Entered Level 1 of the Lair of Beasts
 10067 | Lair:1   | Noticed a four-headed hydra
 10083 | D:10     | Killed a four-headed hydra
 10241 | Lair:1   | Found a large runed translucent door.
 10242 | Lair:1   | Found a large runed translucent door.
 10247 | Lair:1   | Noticed mif's ghost (novice MiBe)
 10378 | Lair:1   | Noticed a death yak
 10380 | Lair:1   | Noticed a death yak
 10383 | Lair:1   | Noticed a death yak
 10386 | Lair:1   | Noticed a death yak
 10387 | Lair:1   | Noticed a death yak
 10394 | Lair:1   | Noticed a death yak
 10396 | Lair:1   | Killed a death yak
 10401 | Lair:1   | Reached skill level 5 in Evocations
 10402 | Lair:1   | Killed a death yak
 10414 | Lair:1   | Killed a death yak
 10414 | Lair:1   | Killed a death yak
 10415 | Lair:1   | Reached skill level 14 in Axes
 10415 | Lair:1   | Reached XP level 12. HP: 58/106 MP: 12/12
 10423 | Lair:1   | Killed a death yak
 10426 | Lair:1   | Slain by a cane toad

Illustrated notes

Levels and vault maps discovered:
D:1:      lightli_arrival_farm, layout_basic
D:2:      layout_basic
D:3:      layout_basic, shapermc_ecumenical_altar_mp_ritualfount, st_stairs_8,
          uniq_natasha
D:4:      nicolae_cairo_tiling, layout_cave_pools, uniq_eustachio
D:5:      layout_basic, minitemple, portal_sewer_entry_e
D:6:      layout_loops_corners, amcnicky_altar_gilded, temple_statues,
          uniq_menkaure, uniq_grinder
D:7:      layout_cave_pods, grunt_temple_overflow_gold_and_silver,
          ebering_ghost_rock_garden, st_stairs_12
D:8:      layout_loops_cross, mainiacjoe_overflow_small_starburst,
          mainiacjoe_overflow_catwalk, gammafunk_ghost_grave,
          uniq_prince_ribbit1
D:9:      layout_loops_ring, orc_0_dummy, serial_shops,
          nicolae_shop_overgrown_old_shop, uniq_grum, uniq_pikel
D:10:     layout_layer_cave, yredelemnul_forgotten_temple_becter,
          lair_entry_dummy, minivault_27, minmay_gold_behind_fungi,
          kennysheep_nub
D:11:     layout_loops_ring, gammafunk_ghost_split
Temple:   jpeg_temple_island
Lair:1:   layout_small_grid, ebering_ghost_disaster_area, evilmike_ambush
          [evilmike_ambush_outer_corners, evilmike_ambush_inner_basic],
          infiniplex_staircase_pool, grunt_megastairs_5

Skill      XL: |  1  2  3  4  5  6  7  8  9 10 11 12 |
---------------+-------------------------------------+-----
Axes           | 3 4 5 6 7 9 10 12 14 | 14.3
Fighting       | 4 5 6 7 8 9 |  9.9
Shields        | 4 5 6 7 8 9 |  9.1
Armour         | 4 5 6 7 8 9 |  9.0
Throwing       | 1 2 3 4 5 6 |  6.0
Evocations     | 1 3 5 6 |  6.1

Action                   |  1- 3 |  4- 6 |  7- 9 | 10-12 || total
-------------------------+-------+-------+-------+-------++-------
Melee: War axe           |    91 |   137 |   256 |   330 ||   814
       Morningstar       |       |       |       |    11 ||    11
Throw: Boomerang         |       |     4 |    37 |    19 ||    60
Invok: Berserk           |       |       |       |     3 ||     3
       Trog's Hand       |       |       |       |     1 ||     1
Evoke: Wand              |       |       |     2 |    19 ||    21
  Use: Scroll            |     3 |     9 |     7 |     3 ||    22
       Potion            |       |     2 |     3 |     4 ||     9
 Stab: Invisible         |       |       |       |     1 ||     1
Armor: Scale mail        |    29 |       |       |       ||    29
       Plate armour      |    19 |   152 |   141 |   162 ||   474
Dodge: Dodged            |    21 |    57 |    65 |    86 ||   229
Block: Buckler           |    11 |    42 |    61 |    72 ||   186
